 Dungeon Crawl Stone Soup version 0.19.5 (webtiles) character file.

256 Scud the Shield-Bearer (level 5, 0/70 HPs)
             Began as a Minotaur Fighter on Mar 15, 2017.
             Succumbed to an adder's poison
             ... on level 2 of the Dungeon.
             The game lasted 00:08:50 (2207 turns).

Scud the Shield-Bearer (Minotaur Fighter)           Turns: 2207, Time: 00:08:51

Health: 0/70       AC: 22    Str: 21    XL:     5   Next: 92%
Magic:  4/4        EV:  2    Int:  5    God:
Gold:   95         SH:  0    Dex: 10    Spells: 0 memorised, 4 levels left

rFire  . . .     SeeInvis .     a - +0 flail
rCold  . . .     Gourm    .     (armour currently unavailable)
rNeg   + + +     Faith    .     (no shield)
rPois  +         Spirit   .     (helmet currently unavailable)
rElec  .         Reflect  .     (cloak currently unavailable)
rCorr  .         Harm     .     (gloves currently unavailable)
MR     +....     NoTele   +     (boots currently unavailable)
Stlth  +.........               (no amulet)
                                (no ring)
                                g - ring of protection from magic

@: lethally poisoned (0 -> -2), tree-form
A: (retaliatory headbutt), (horns 0)
a: no special abilities


You were on level 2 of the Dungeon.
You were not hungry.
You were a tree.
You visited 1 branch of the dungeon, and saw 2 of its levels.

You collected 95 gold pieces.

Inventory:

Hand Weapons
 a - a +0 flail (weapon)
 l - a +0 scythe
Armour
 b - a +0 scale mail (melded)
 c - a +0 shield
Jewellery
 g - a ring of protection from magic (left branch)
 i - a +5 ring of evasion {unknown}
 p - an uncursed ring of ice {unknown}
Scrolls
 k - a scroll of remove curse
Potions
 d - a potion of might
 j - a potion of degeneration {unknown}
 n - 2 potions of ambrosia
 o - a potion of magic {unknown}
 q - a potion of haste {unknown}
Comestibles
 f - 2 bread rations
 h - 2 fruits


   Skills:
 + Level 4.5 Fighting
 + Level 4.2 Maces & Flails
 + Level 0.8 Polearms
 + Level 4.8 Armour
 + Level 1.2 Dodging
 + Level 0.3 Stealth
 + Level 5.2 Shields


You had 4 spell levels left.
You didn't know any spells.

Dungeon Overview and Level Annotations

Branches:
Dungeon (2/15)

Altars:


Innate Abilities, Weirdness & Mutations

((You reflexively headbutt those who attack you in melee.))
((You have a pair of horns on your head.))


Message History

You feel sick.
* * * LOW HITPOINT WARNING * * *
You feel sick.
You hit the giant cockroach.
The giant cockroach is severely wounded.
* * * LOW HITPOINT WARNING * * *
You feel sick.
The giant cockroach bites you but does no damage. x2
You sock the giant cockroach!
You kill the giant cockroach!
* * * LOW HITPOINT WARNING * * *
You feel sick.
There is a lethal amount of poison in your body!
There is a lethal amount of poison in your body!
There is a lethal amount of poison in your body!
* * * LOW HITPOINT WARNING * * *
You feel sick.
* * * LOW HITPOINT WARNING * * *
You feel sick.
You die...

##### #.# #.# .
#.# .. #.# ...
#.# .... #.#
..... #.#
......#########.#
#!...†♣........#
#..#############


There were no monsters in sight!

Vanquished Creatures
  Sigmund (D:2)
  Terence (D:2)
  3 adders (D:2)
  An ooze (D:2)
  A worm (D:2)
  A dart slug (D:1)
  3 leopard geckos
  2 bats (D:1)
  2 giant cockroaches
  8 goblins
  3 hobgoblins
  4 jackals (D:1)
  3 kobolds (D:1)
  2 ball pythons (D:1)
  5 frilled lizards
  2 rats
42 creatures vanquished.

Notes
Turn   | Place    | Note
-------+----------+-------------------------------------------
     0 | D:1      | Scud the Minotaur Fighter began the quest for the Orb.
     0 | D:1      | Reached XP level 1. HP: 19/19 MP: 0/0
   114 | D:1      | Reached XP level 2. HP: 27/27 MP: 1/1
   275 | D:1      | Reached skill level 4 in Shields
  1106 | D:1      | Reached XP level 3. HP: 31/33 MP: 2/2
  1485 | D:2      | Noticed Sigmund
  1492 | D:2      | Killed Sigmund
  1492 | D:2      | Reached XP level 4. HP: 37/41 MP: 3/3
  1492 | D:2      | Reached XP level 5. HP: 42/47 MP: 4/4
  1604 | D:2      | Reached skill level 5 in Shields
  1644 | D:2      | Noticed Terence
  1648 | D:2      | Killed Terence
  1648 | D:2      | Reached skill level 1 in Dodging
  2198 | D:2      | HP: 3/70 [poisoned by an adder]
  2203 | D:2      | HP: 1/70 [poisoned by an adder]
  2207 | D:2      | Succumbed to an adder's poison

Skill      XL: |  1  2  3  4  5 |
---------------+----------------+-----
Shields        | 4 5 |  5.2
Armour         | 4 |  4.8
Fighting       | 4 |  4.5
Maces & Flails | 4 |  4.2
Dodging        | 1 |  1.2
Polearms       | |  0.8
Stealth        | |  0.3

Action                   |  1- 3 |  4- 6 || total
-------------------------+-------+-------++-------
Melee: Flail             |    60 |     6 ||    66
       Headbutt          |    13 |     5 ||    18
       Scythe            |       |    22 ||    22
  Use: Potion            |     5 |     1 ||     6
       Scroll            |       |     4 ||     4
  Eat: Fruit             |     1 |     1 ||     2
       Chunk             |     1 |     1 ||     2
Armor: Scale mail        |    26 |    13 ||    39
       Skin              |       |     7 ||     7
Dodge: Dodged            |    17 |    17 ||    34
Block: Shield            |    37 |       ||    37
